 Dungeon Crawl Stone Soup version 0.26.1-11-gd32895ea62 (webtiles) character file.

Game seed: 2293296642183267848

459 promet the Covert (level 7, -3/45 HPs)
             Began as an Octopode Brigand on June 7, 2021.
             Slain by Duvessa
             ... wielding a +0 rapier
              (4 damage)
             ... on level 4 of the Dungeon.
             The game lasted 00:22:53 (3479 turns).

promet the Covert (Octopode Brigand)                Turns: 3479, Time: 00:22:56

Health: -3/45      AC:  1    Str: 10    XL:     7   Next: 6%
Magic:  7/7        EV: 13    Int: 14    God:
Gold:   187        SH:  0    Dex: 15    Spells: 6/6 levels left

rFire    . . .     SeeInvis .   a - +2 dagger
rCold    . . .     Faith    .   (no shield)
rNeg     . . .     Spirit   .   (helmet restricted)
rPois    .         Reflect  .   (no amulet)
rElec    .         Harm     .   i - ring of stealth
rCorr    .         Rampage  .   (no ring)
Will     .....                  (no ring)
Stlth    +++++++...             (no ring)
HPRegen  0.15/turn              (no ring)
MPRegen  0.10/turn              (no ring)
                                (no ring)
                                (no ring)

@: no status effects
A: almost no armour, stealthy swim, amphibious, 8 rings, constrict 8, camouflage
1, gelatinous body 1
a: no special abilities


You were on level 4 of the Dungeon.
You visited 1 branch of the dungeon, and saw 4 of its levels.

You collected 187 gold pieces.

Inventory:

Hand Weapons
 a - a +2 dagger (weapon)
 b - a +0 hunting sling
 j - a cursed -3 long sword
 m - a +0 spear
Missiles
 d - 66 stones
 e - 11 poisoned darts (quivered)
 k - 32 arrows
 o - 39 sling bullets
Jewellery
 i - a ring of stealth (left tentacle)
Scrolls
 g - a scroll of fear
 h - 2 scrolls of teleportation
 q - 2 scrolls of remove curse
Potions
 f - a potion of heal wounds
 l - a potion of curing


   Skills:
 + Level 2.2 Fighting
 + Level 2.7 Short Blades
 + Level 2.4 Throwing
 + Level 1.7 Dodging
 * Level 10.4 Stealth


You had 6 spell levels left.
You didn't know any spells.
Your spell library was empty.

Dungeon Overview and Level Annotations

Branches:
Dungeon (4/15)
 Temple: D:4-7

Altars:
Zin

Annotations:
D:4 Duvessa


Innate Abilities, Weirdness & Mutations

You cannot wear most types of armour.
You are very stealthy in the water. (Stealth+)
You are amphibious.
You can wear up to eight rings at the same time.
You can use your tentacles to constrict eight enemies at once.
Your skin changes colour to match your surroundings (Stealth+).
Your rubbery body absorbs attacks. (AC +1, EV +1)


Message History

An orc wizard comes into view. It is wielding a +0 dagger.
The orc wizard shouts!
You hit Dowan. Your squeeze misses Dowan.
Dowan is severely wounded.
You constrict Dowan. Duvessa hits you with a +0 rapier!
Dowan barely misses you.
You hit Dowan but do no damage.
Dowan is severely wounded.
You constrict Dowan. Duvessa barely misses you.
Dowan hits you but does no damage.
You hit Dowan.
Dowan is almost dead.
You constrict Dowan. Duvessa misses you. Dowan hits you with a +0 dagger.
You hit Dowan. You squeeze Dowan.
You kill Dowan!
Duvessa screams, "No!
How DARE you!"
Duvessa goes berserk!
Duvessa hits you with a +0 rapier!!
* * * LOW HITPOINT WARNING * * *
Duvessa hits you with a +0 rapier.
You die...

#.#..#....[....#
##.#............# .
#....##.........#### ..
#....##.............
#.##...###...........##
##...................##
........###.........##
..###.>.............#
......o@###.........#
##.##.e)# ##.......##
#...##o# ##......# ###.
#o# ######.# .. ...
#..# #. ... ##..o ...
#o... ..... ..o. ....


You could see Duvessa (berserk, fast), an orc wizard and 2 orcs.

Vanquished Creatures
  An ogre (D:3)
  Dowan (D:4)
  A scorpion (D:4)
  A bullfrog zombie (D:4)
  2 orc wizards
  A bullfrog skeleton (D:4)
  2 worker ants
  A hound zombie (D:4)
  6 adders
  A gnoll (D:1)
  2 oozes
  3 worms (D:2)
  2 leopard geckos
  5 orcs (D:3)
  2 ball pythons
  4 giant cockroaches
  4 goblins
  5 hobgoblins
  8 jackals
  A quokka (D:2)
  8 bats
  5 frilled lizards
  A giant cockroach zombie (D:4)
  3 kobolds (D:3)
  3 rats (D:1)
73 creatures vanquished.

Vanquished Creatures (others)
  6 withered plants (D:4)
6 creatures vanquished.

Grand Total: 79 creatures vanquished

Notes
Turn   | Place    | Note
-------+----------+-------------------------------------------
     0 | D:1      | promet the Octopode Brigand began the quest for the Orb.
     0 | D:1      | Reached XP level 1. HP: 14/14 MP: 1/1
    97 | D:1      | Reached XP level 2. HP: 19/19 MP: 2/2
   126 | D:1      | Reached skill level 6 in Stealth
   473 | D:1      | Reached XP level 3. HP: 24/24 MP: 3/3
   954 | D:2      | Reached skill level 7 in Stealth
   954 | D:2      | Reached XP level 4. HP: 29/29 MP: 4/4
  1017 | D:2      | Found a glowing silver altar of Zin.
  1614 | D:3      | Reached skill level 8 in Stealth
  1727 | D:3      | Reached XP level 5. HP: 25/34 MP: 5/5
  2526 | D:4      | Noticed an ogre
  2557 | D:3      | Killed an ogre
  2558 | D:3      | Reached skill level 9 in Stealth
  2558 | D:3      | Reached XP level 6. HP: 39/39 MP: 6/6
  2605 | D:4      | Reached skill level 10 in Stealth
  3327 | D:4      | Reached XP level 7. HP: 33/45 MP: 7/7
  3468 | D:4      | Noticed Dowan
  3469 | D:4      | Noticed Duvessa
  3479 | D:4      | Killed Dowan
  3479 | D:4      | HP: 1/45 [Duvessa/+0 rapier (18)]
  3479 | D:4      | Slain by Duvessa

Illustrated notes

Levels and vault maps discovered:
D:1:      shiori_arrival_oz, layout_loops_ring
D:2:      layout_loops_ring, zin_academy
D:3:      layout_loops_cross
D:4:      layout_rooms, lightli_temple_of_fire, serial_undead, serial_undead_e,
          serial_undead_f, serial_undead_b, serial_undead_c,
          chequers_serial_rivers_room_a, minmay_hedge_maze,
          uniq_crazy_yiuf_cottage, uniq_duvessa

Skill      XL: |  1  2  3  4  5  6 |
---------------+-------------------+-----
Stealth        | 6 7 8 9 10 | 10.4
Fighting       | |  2.2
Short Blades   | |  2.7
Throwing       | |  2.4
Dodging        | |  1.7

Action                   |  1- 3 |  4- 6 |  7- 9 || total
-------------------------+-------+-------+-------++-------
Melee: Dagger            |    31 |    95 |    12 ||   138
       Constrict         |     5 |    20 |     3 ||    28
       Tentacles         |     2 |    22 |     4 ||    28
Throw: Dart              |       |    25 |     4 ||    29
  Use: Scroll            |     5 |     6 |       ||    11
       Potion            |       |     4 |     1 ||     5
 Stab: Sleeping          |    17 |    20 |       ||    37
Armor: Skin              |       |     9 |     1 ||    10
Dodge: Dodged            |     7 |    60 |     8 ||    75
